 Dungeon Crawl Stone Soup version 0.24.0-37-gcf1ca852f1 (webtiles) character file.

Game seed: 797563919205907423, levelgen mode: deterministic

230 Descartes the Skirmisher (level 6, 0/49 HPs)
             Began as a Formicid Abyssal Knight on Nov 30, 2019.
             Was a Believer of Lugonu.
             Slain by a slave (5 damage)
             ... led by Pikel
             ... on level 3 of the Dungeon.
             The game lasted 00:05:46 (2592 turns).

Descartes the Skirmisher (Formicid Abyssal Knight)  Turns: 2592, Time: 00:05:47

Health: 0/49       AC:  9    Str: 19    XL:     6   Next: 24%
Magic:  8/8        EV:  8    Int: 16    God:    Lugonu [**....]
Gold:   136        SH:  0    Dex: 10    Spells: 5/5 levels left

rFire    . . .     SeeInvis +   a - +2 war axe (venom)
rCold    . . .     Gourm    .   (no shield)
rNeg     . . .     Faith    .   g - +0 chain mail
rPois    .         Spirit   .   (helmet unavailable)
rElec    .         Reflect  .   (no cloak)
rCorr    .         Harm     .   (no gloves)
MR       .....                  (no boots)
Stlth    ..........             (no amulet)
HPRegen  0.16/turn              h - ring of wizardry
MPRegen  0.11/turn              o - ring of stealth

@: brilliant
A: permanent stasis, dig shafts and tunnels, four strong arms, antennae 3
a: Dig, Shaft Self, Depart the Abyss, Bend Space, Renounce Religion


You were on level 3 of the Dungeon.
You worshipped Lugonu.
Lugonu was pleased with you.
You were hungry.

You visited 1 branch of the dungeon, and saw 4 of its levels.
You visited the Abyss 1 time.

You collected 136 gold pieces.

Inventory:

Hand Weapons
 a - a +2 war axe of venom (weapon)
 b - a +0 hunting sling
 x - a +4 flail of holy wrath
Missiles
 d - 145 stones (quivered)
 e - 10 poisoned darts
 f - 50 arrows
 l - 22 bolts
 y - 3 boomerangs
Armour
 g - a +0 chain mail (worn)
 p - a +0 leather armour
 t - a +0 scale mail
Magical Staves
 w - an uncursed staff of poison {unknown}
Jewellery
 h - a ring of wizardry (left hand)
 o - a ring of stealth (right hand)
Scrolls
 j - a scroll of enchant weapon {unknown}
 q - a scroll of teleportation {unknown}
 r - a scroll of remove curse
 s - a scroll of amnesia {unknown}
 u - a scroll of identify {unknown}
 v - a scroll of fear {unknown}
Potions
 i - a potion of might
 m - a potion of degeneration {unknown}
 n - a potion of curing {unknown}
 z - a potion of lignification {unknown}
Comestibles
 c - 2 rations


   Skills:
 + Level 4.4 Fighting
 + Level 3.1 Axes
 + Level 3.4 Armour
 + Level 2.3 Dodging
 + Level 3.7 Invocations


You had 5 spell levels left.
You didn't know any spells.
Your spell library was empty.

Dungeon Overview and Level Annotations

Branches:
Dungeon (4/15)
 Temple: D:4-7

Altars:
Qazlal

Annotations:
D:3 Pikel


Innate Abilities, Weirdness & Mutations

You cannot be hasted, slowed, berserked, paralysed or teleported.
You can dig through walls and to a lower floor.
Your four strong arms can wield two-handed weapons with a shield.
You have a pair of large antennae on your head. (SInv)


Message History

The slave is lightly wounded.
You closely miss the slave.
You kill the slave!
That felt strangely unrewarding.
The slave hits you. The slave hits you but does no damage.
You hit the slave but do no damage. The slave hits you.
* * * LOW HITPOINT WARNING * * *
You closely miss the slave. You hit the slave but do no damage.
The slave hits you but does no damage.
It was a potion of brilliance.
You feel clever all of a sudden. The slave closely misses you.
You closely miss Pikel.
Pikel is severely wounded.
You closely miss the slave. Pikel hits you but does no damage.
The slave hits you!
* * * LOW HITPOINT WARNING * * *
Pikel hits you but does no damage. The slave hits you.
You die...

#.####.#.......#
#####.#####
#........#####.#
#......
#.##.....#
#.#########
#######
#.##.#..##
#.........# ##
#.##....#
#########.# #.
#.......# #.# #.
#..##.#.# #.# #.
#._.....#
########## #.#
#. #####.###
#.Kppp@..# #.#
######. #####.##
#..#..##.#
#.####......
.......#
#.###.##.#
#...........
.####..#
#..#..##.#
#.####.).)..
.####..#
#...>.##.###.##
####.#) .##....#
##.......##...#
#.#. .##.##.#
####.........#
#.#. .##.##.#
#######...# #.#.
.......### ##..#
#.#.


You could see Pikel and 3 slaves.

Vanquished Creatures
  A slave (D:3)
  An orc wizard (D:3)
  Jessica (D:2)
  A worker ant (D:3)
  4 adders
  4 gnolls (D:3)
  A worm (D:2)
  4 dart slugs
  15 orcs (D:3)
  2 giant cockroaches (D:1)
  5 goblins
  4 hobgoblins
  3 kobolds
  A quokka (D:3)
  A ball python (D:1)
  4 bats
  4 frilled lizards
  4 rats
60 creatures vanquished.

Notes
Turn   | Place    | Note
-------+----------+-------------------------------------------
     0 | Abyss:1  | Descartes the Formicid Abyssal Knight began the quest for
                  | the Orb.
     0 | Abyss:1  | Reached XP level 1. HP: 18/18 MP: 2/2
    77 | Abyss:1  | Found a corrupted altar of Lugonu.
   110 | Abyss:1  | Noticed a thrashing horror
   116 | D:1      | Escaped the Abyss
   444 | D:1      | Reached skill level 1 in Dodging
   482 | D:1      | Reached XP level 2. HP: 17/24 MP: 3/3
   738 | D:1      | Reached * piety under Lugonu
   840 | D:1      | Reached XP level 3. HP: 22/29 MP: 4/4
  1333 | D:2      | Noticed Jessica
  1347 | D:2      | Killed Jessica
  1347 | D:2      | Reached XP level 4. HP: 31/37 MP: 6/6
  1448 | D:2      | You fall into a shaft and drop 1 floor!
  1690 | D:3      | Reached XP level 5. HP: 39/42 MP: 7/7
  1707 | D:3      | Reached skill level 4 in Fighting
  1820 | D:3      | Reached ** piety under Lugonu
  2019 | D:3      | Reached XP level 6. HP: 43/49 MP: 8/8
  2170 | D:3      | Found a stormy altar of Qazlal.
  2569 | D:4      | Noticed Pikel
  2569 | D:4      | Noticed a slave
  2569 | D:4      | Noticed a slave
  2569 | D:4      | Noticed a slave
  2570 | D:4      | Noticed a slave
  2583 | D:3      | Killed a slave
  2592 | D:3      | Slain by a slave

Levels and vault maps discovered:
D:1:      kilobyte_arrival_exit_the_forest, layout_rooms
D:2:      layout_rooms, first_ration, nicolae_ru_path_of_blood, uniq_jessica,
          uniq_crazy_yiuf_cottage
D:3:      layout_loops_cross, overflow_temple_1_default
D:4:      layout_rooms, nicolae_overflow_crystal_walls, minmay_statues_item,
          bloody_makhleb, uniq_eustachio, uniq_sigmund, uniq_pikel, uniq_edmund

Skill      XL: |  1  2  3  4  5 |
---------------+----------------+-----
Dodging        | 1 2 |  2.3
Invocations    | 3 |  3.7
Armour         | 3 |  3.4
Fighting       | 4 |  4.4
Axes           | 3 |  3.1

Action                   |  1- 3 |  4- 6 || total
-------------------------+-------+-------++-------
Melee: Hand axe          |    67 |    30 ||    97
       War axe           |       |    86 ||    86
 Fire: Hunting sling     |       |     1 ||     1
Invok: Depart the Abyss  |     1 |       ||     1
       Bend Space        |       |     1 ||     1
  Use: Scroll            |     1 |       ||     1
       Potion            |       |     3 ||     3
 Stab: Sleeping          |     2 |       ||     2
  Eat: Chunk             |     1 |     4 ||     5
Armor: Leather armour    |    20 |       ||    20
       Scale mail        |     6 |    13 ||    19
       Chain mail        |       |    75 ||    75
Dodge: Dodged            |    37 |    60 ||    97
